Map: Ruines d’Endion

Players

zidar

  • Race: Zerg Zerg
  • League: Gold
  • Spawn Location: 7:00

denycs - Winner!

  • Race: Zerg Zerg
  • Spawn Location: 5:00

VOD

Have the link to the VOD?

Description

Time

  • Played on: June 17, 2016, 3:45 p.m.
  • Length: 9:49
Show
View Real Time Build Order
Export as new Build Order

zidar Zerg 

Build Orders: Pool First 

Get SALT Encoding   

  12  0:02  Drone  
  13  0:14  Overlord  
  13  0:17  Drone  
  14  0:22  Extractor  
  14  0:24  Drone  
  15  0:34  Drone  
  16  0:45  Spawning Pool  
  16  0:47  Drone  
  16  0:54  Extractor  
  16  0:55  Drone  
  16  1:09  Overlord  
  16  1:17  Overlord  
  16  1:33  Queen  
  16  1:35  Zergling x4  
  20  1:43  Zergling x2  
  21  1:52  Zergling x2  
  22  1:55  Metabolic Boost  
  22  2:03  Zergling x2  
  23  2:14  Zergling x2  
  24  2:24  Zergling x2  
  25  2:35  Zergling x2  
  26  2:43  Zergling x6  
  29  3:03  Zergling x2  
  29  3:04  Zergling x2  
  31  3:08  Hatchery  
  30  3:16  Zergling x8  
  34  3:31  Zergling x2  
  35  3:44  Zergling x2  
  25  4:16  Zergling x6  
  22  4:28  Zergling x4  
  23  4:47  Queen  
  23  4:52  Zergling x2  
  26  4:53  Zergling x8  
  27  5:05  Zergling x2  
  27  5:06  Zergling x8  
  32  5:23  Zergling x4  
  28  6:05  Roach Warren  
  28  6:07  Zergling x12  
  28  6:08  Zergling x14  
  40  6:18  Overlord  
  39  6:42  Zergling x8  
  39  6:43  Zergling x6  
  27  7:10  Roach  
  27  7:11  Roach x3  
  35  7:29  Roach x2  
  39  7:32  Roach  
  41  7:46  Roach x2  
  45  7:52  Roach  
  32  8:43  Roach x8  
  46  8:49  Zergling x4  
  38  8:59  Zergling x4  
  38  9:01  Zergling x2  
  41  9:19  Roach x3  
Show
View Real Time Build Order
Export as new Build Order

denycs Zerg - Winner!

Build Orders: Pool First 

Get SALT Encoding   

  12  0:01  Drone  
  13  0:08  Drone  
  14  0:17  Overlord  
  14  0:23  Extractor  
  14  0:24  Drone  
  15  0:36  Drone x2  
  17  0:45  Spawning Pool  
  16  0:50  Extractor  
  16  0:51  Drone  
  16  1:00  Drone  
  17  1:07  Drone  
  18  1:17  Drone  
  19  1:27  Drone  
  19  1:30  Hatchery  
  19  1:42  Drone  
  19  1:44  Queen  
  22  1:50  Overlord  
  22  1:55  Metabolic Boost  
  22  2:13  Drone x2  
  24  2:19  Baneling Nest  
  24  2:20  Drone  
  24  2:23  Queen  
  26  2:32  Zergling x2  
  27  2:43  Zergling x2  
  28  2:44  Drone  
  28  2:46  Queen  
  31  2:59  Drone x4  
  31  3:01  Drone  
  36  3:08  Overlord  
  36  3:14  Evolution Chamber  
  36  3:19  Evolution Chamber  
  34  3:28  Spine Crawler  
  34  3:30  Drone x4  
  37  3:39  Zergling x8  
  40  3:43  Baneling x2  
  40  3:52  Zergling x6  
  39  4:05  Zergling x8  
  39  4:06  Zergling x2  
  43  4:13  Zergling x2  
  43  4:15  Queen, Zergling x2  
  40  4:28  Zergling x4  
  40  4:29  Baneling  
  40  4:30  Baneling  
  42  4:31  Baneling  
  42  4:34  Baneling  
  42  4:36  Zergling x2  
  43  4:45  Roach Warren  
  43  4:47  Spine Crawler, Drone x2  
  43  4:48  Drone  
  42  5:01  Drone  
  42  5:05  Extractor  
  42  5:06  Extractor  
  41  5:11  Overlord x2  
  41  5:12  Overlord  
  41  5:16  Lair  
  41  5:19  Zerg Melee Weapons Level 1  
  41  5:20  Zerg Ground Armor Level 1  
  41  5:22  Zergling x4  
  41  5:39  Zergling x6  
  41  5:40  Zergling x2  
  41  5:42  Baneling x2  
  44  5:46  Baneling  
  44  5:52  Zergling x2  
  44  5:53  Zergling x6  
  48  6:02  Hatchery  
  47  6:05  Drone x2  
  49  6:14  Drone x2  
  49  6:15  Drone x3  
  54  6:36  Baneling  
  54  6:37  Baneling x3  
  54  6:38  Baneling  
  45  7:02  Zergling x12  
  45  7:03  Zergling x4  
  47  7:13  Drone  
  48  7:16  Zerg Melee Weapons Level 2  
  48  7:17  Zerg Ground Armor Level 2  
  48  7:19  Queen  
  50  7:26  Baneling x4  
  50  7:28  Drone x5  
  55  7:40  Spore Crawler  
  54  7:45  Extractor  
  54  7:48  Spore Crawler  
  52  7:51  Drone  
  52  7:52  Drone x6  
  52  7:53  Drone  
  52  7:55  Spore Crawler  
  59  8:01  Zergling x6  
  62  8:11  Zergling x10  
  67  8:17  Zergling x2  
  65  8:49  Drone x3  
  65  8:50  Drone x6  
  74  9:04  Overlord x3  
  74  9:06  Baneling x3  
  74  9:07  Baneling x3  
  73  9:29  Zergling x2  
  73  9:30  Zergling x12  
  67  9:41  Extractor  
Tags
 
League
Gold
Matchup
ZvZ
Race
Zerg
Spawn Locations
Close Positions
Add a new tag
Caveats
  • Supply blocks, unpowered buildings, or Contaminate may cause inaccurate times.
  • Supply counts are checked every 10 seconds.